 Seeded DCSS version 0.31-a0-986-g5e6e4ef867 (webtiles) character file.

Game seed: 7166102624 (custom seed)

771 Danienth the Grave Robber (level 7, -5/40 HPs)
             Began as a Deep Elf Necromancer on Nov 12, 2023.
             Slain by an ogre
             ... wielding a +0 giant club
              (31 damage)
             ... on level 5 of the Dungeon.
             The game lasted 00:20:23 (3684 turns).

Danienth the Grave Robber (Deep Elf Necromancer)    Turns: 3684, Time: 00:20:24

Health: -5/40      AC:  3    Str:  5    XL:     7   Next: 53%
Magic:  7/17       EV: 14    Int: 22    God:
Gold:   232        SH:  0    Dex: 27    Spells: 9/17 levels left

rFire   . . .        n - +0 arbalest
rCold   . . .        (shield currently unavailable)
rNeg    . . .        m - +0 leather armour
rPois   .            (no helmet)
rElec   .            (no cloak)
rCorr   .            (no gloves)
SInv    .            (no boots)
Will    .....        (no amulet)
Stlth   +++          w - +6 ring of dexterity
HPRegen 0.26/turn    u - +6 ring of dexterity
MPRegen 0.15/turn

%: no passive effects
@: animating dead
A: no striking features
a: no special abilities


You were on level 5 of the Dungeon.
You visited 1 branch of the dungeon, and saw 5 of its levels.
You also visited: Sewer.

You collected 232 gold pieces.

Inventory:

Hand Weapons
 e - a +0 short sword of flaming
 g - a +3 scythe of freezing
 n - a +0 arbalest (weapon)
Missiles
 d - 14 javelins
 l - 24 poisoned darts
Armour
 a - a +0 robe
 m - a +0 leather armour (worn)
Jewellery
 b - a ring of wizardry
 u - a +6 ring of dexterity (right hand)
 w - a +6 ring of dexterity (left hand)
Wands
 c - a wand of digging (3)
Scrolls
 k - 2 scrolls of noise
 o - a scroll of teleportation
 p - 2 scrolls of revelation
 s - a scroll of fog
 v - 4 scrolls of identify
Potions
 f - a potion of degeneration
 h - a potion of curing
 i - 2 potions of heal wounds
 j - a potion of enlightenment
 q - 2 potions of haste
 r - a potion of brilliance {unknown}
 t - a potion of attraction {unknown}


   Skills:
 * Level 2.3 Fighting
 + Level 1.0 Polearms
 + Level 2.3 Ranged Weapons
 + Level 2.1 Armour
 + Level 4.3 Dodging
 + Level 4.6 Stealth
 + Level 5.9 Spellcasting
 + Level 6.0 Necromancy


You had 9 spell levels left.
You knew the following spells:

 Your Spells              Type           Power      Damage    Failure   Level
a - Necrotise             Necr           100%       1d9       1%          1
b - Vampiric Draining     Necr           33%        2d8       3%          3
c - Animate Dead          Necr           33%        N/A       12%         4

Your spell library contained the following spells:

 Spells                   Type           Power      Damage    Failure   Level
 Agony                    Necr           33%        N/A       34%         5
 Ignite Poison            Fire/Tmut/Pois 6%         N/A       41%         3
 Sticky Flame             Conj/Fire      6%         2d3       83%         4
 Ignition                 Fire           3%         3d4       100%        8


Dungeon Overview and Level Annotations

Branches:
Dungeon (5/15)             Temple (0/1) D:4           Sewer (visited)

Altars:
Nemelex Xobeh
Okawaru
Qazlal
Sif Muna
Xom

Shops:
D:5 [


Message History

Aim: an iguana (moderately wounded, ally target, chance to affect: 88%)
The iguana writhes in agony.
Your hound zombie closely misses the iguana.
The iguana closely misses you.
Your hound zombie bites the iguana but does no damage.
Casting: Necrotise (safe; 1% risk of failure)
Confirm with . or Enter, or press ? or * to list all spells.
Aiming: Necrotise (safe; 1% risk of failure)
Press: ? - help, Shift-Dir - straight line, f/p - iguana
Aim: an iguana (severely wounded, ally target, chance to affect: 88%)
The iguana writhes in agony.
You kill the iguana!
The dead are walking!
You shoot a bolt. The bolt hits the ogre.
The ogre shouts!
The ogre is lightly wounded.
Your hound zombie bites the ogre.
Casting: Necrotise (safe; 1% risk of failure)
Confirm with . or Enter, or press ? or * to list all spells.
Aiming: Necrotise (safe; 1% risk of failure)
Press: ? - help, Shift-Dir - straight line, f/p - ogre
Aim: an ogre, wielding a +0 giant club (lightly wounded, ally target, chance to affect: 83%)
The ogre writhes in agony!
Your hound zombie bites the ogre.
The ogre barely misses you.
Casting: Necrotise (safe; 1% risk of failure)
Confirm with . or Enter, or press ? or * to list all spells.
Aiming: Necrotise (safe; 1% risk of failure)
Press: ? - help, Shift-Dir - straight line, f/p - ogre
Aim: an ogre, wielding a +0 giant club (heavily wounded, ally target, chance to affect: 83%)
The ogre writhes in agony.
Your hound zombie bites the ogre.
Casting: Necrotise (safe; 1% risk of failure)
Confirm with . or Enter, or press ? or * to list all spells.
Aiming: Necrotise (safe; 1% risk of failure)
Press: ? - help, Shift-Dir - straight line, f/p - ogre
Aim: an ogre, wielding a +0 giant club (heavily wounded, ally target, chance to affect: 83%)
The ogre writhes in agony!
Your hound zombie barely misses the ogre.
The ogre hits you with a +0 giant club!!
Ouch! That really hurt!
You die...

.# #.....#
## #
..#.....#...
#.##
#.#......#
#...
##.#......#
#.z..#
#.........#
z.z.. #
#.....#.$.#
#### #
#.....# ..#
# #$....# .#
#...@.# #
#.$..OZ.....
+.........##
#.∩........#
###........#
....#.##.#
........ ..
.........


You could see an ogre (ally target) and a friendly hound zombie.

Vanquished Creatures
  Sigmund (D:2)
  An ogre (D:3)
  2 kobold brigands (Sewer)
  A jelly (D:4)
  A hound (D:5)
  Terence (D:2)
  An iguana (D:5)
  9 adders
  3 gnolls (D:2)
  A river rat (Sewer)
  A worm (Sewer)
  4 dart slugs
  8 ball pythons
  6 endoplasms
  6 giant cockroaches
  6 goblins
  4 hobgoblins
  7 quokkas
  4 bats
  6 frilled lizards
  6 kobolds
  6 rats
85 creatures vanquished.

Vanquished Creatures (collateral kills)
  A scorpion (D:3)
  An adder (Sewer)
  A bat (D:2)
  4 endoplasms
  A giant cockroach (D:2)
  2 goblins (D:2)
  A ball python (Sewer)
  A frilled lizard (D:1)
  A kobold (D:2)
13 creatures vanquished.

Vanquished Creatures (others)
  2 adder zombies (Sewer)
  3 ball python zombies
  2 kobold zombies (Sewer)
  A river rat zombie (Sewer)
8 creatures vanquished.

Grand Total: 106 creatures vanquished

Notes
Turn   | Place    | Note
-------+----------+-------------------------------------------
     0 | D:1      | Danienth the Deep Elf Necromancer began the quest for the
                  | Orb.
     0 | D:1      | Reached XP level 1. HP: 10/10 MP: 6/6
   139 | D:1      | Reached XP level 2. HP: 15/15 MP: 6/8
   208 | D:1      | Reached skill level 5 in Necromancy
  1032 | D:2      | Reached XP level 3. HP: 19/19 MP: 6/10
  1105 | D:2      | Learned a level 3 spell: Vampiric Draining
  1131 | D:2      | You fall into a shaft and drop 1 floor!
  1140 | D:3      | Noticed an ogre
  1168 | D:3      | Killed an ogre
  1169 | D:3      | Reached skill level 1 in Armour
  1169 | D:3      | Reached XP level 4. HP: 22/24 MP: 9/12
  1169 | D:3      | Reached XP level 5. HP: 25/28 MP: 10/14
  1174 | D:3      | Learned a level 4 spell: Animate Dead
  1198 | D:3      | Reached skill level 5 in Spellcasting
  1326 | D:3      | Found a sparkling altar of Nemelex Xobeh.
  1332 | D:3      | Found a shimmering altar of Xom.
  1335 | D:3      | Found a stormy altar of Qazlal.
  1335 | D:3      | Found a shimmering blue altar of Sif Muna.
  1342 | D:3      | Found an iron altar of Okawaru.
  1677 | D:2      | Noticed Terence
  1688 | D:2      | Killed Terence
  1690 | D:2      | Noticed Sigmund
  1706 | D:2      | Killed Sigmund
  1707 | D:2      | Reached skill level 1 in Fighting
  1707 | D:2      | Reached skill level 1 in Ranged Weapons
  1707 | D:2      | Reached XP level 6. HP: 27/34 MP: 3/16
  2293 | D:4      | Found a glowing drain.
  2316 | Sewer    | Entered a sewer
  2473 | Sewer    | Reached XP level 7. HP: 11/39 MP: 2/17
  2808 | Sewer    | Reached skill level 6 in Necromancy
  2912 | D:4      | Found a staircase to the Ecumenical Temple.
  3628 | D:5      | Entered Level 5 of the Dungeon
  3665 | D:5      | Found Womeotur's Armour Shoppe.
  3672 | D:5      | Reached skill level 1 in Polearms
  3684 | D:5      | Slain by an ogre

Illustrated notes

Levels and vault maps discovered:
D:1:      wheals_arrival_linesprint, layout_rooms, minmay_nonomino_d4
D:2:      layout_rooms, uniq_terence, uniq_sigmund
D:3:      layout_rooms, nicolae_overflow_hallway_of_the_gods
D:4:      layout_basic, minmay_temple_entry_crystal_x, portal_sewer_entry_f
D:5:      layout_basic, nicolae_ashenzari_skybound, serial_shops, shop,
          minmay_misc_feat_tiny

Skill      XL: |  1  2  3  4  5  6  7 |
---------------+----------------------+-----
Necromancy     | 5 6 |  6.0
Stealth        | 3 4 |  4.6
Spellcasting   | 4 5 |  5.9
Dodging        | 3 4 |  4.3
Armour         | 1 2 |  2.1
Fighting       | 1 2 |  2.3
Ranged Weapons | 1 2 |  2.3
Polearms       | 1 |  1.0

Action                     |  1- 3 |  4- 6 |  7- 9 || total
---------------------------+-------+-------+-------++-------
  Melee: Unarmed           |     1 |       |       ||     1
   Fire: Arbalest          |       |    45 |    35 ||    80
   Cast: Necrotise         |    55 |    41 |    18 ||   114
         Animate Dead      |       |     4 |     2 ||     6
         Vampiric Draining |       |     2 |     4 ||     6
    Use: Scroll            |     4 |     6 |     3 ||    13
         Potion            |     2 |     1 |     1 ||     4
 Armour: Robe              |     5 |       |       ||     5
         Leather armour    |     5 |    26 |    18 ||    49
  Dodge: Dodged            |    14 |    32 |    16 ||    62

Table legend: (Time is in decaauts)
 A = Elapsed time spent in this place.
 B = Non-inter-level travel time spent in this place.
 C = Inter-level travel time spent in this place.
 D = Time resting spent in this place.
 E = Time spent auto-exploring this place.
 F = Levels seen in this place.
 G = Mean time per level.
                   A        B        C        D        E       F      G
               +--------+--------+--------+--------+--------+-----+--------+
         Total |   3819 |   3512 |    307 |    148 |   2578 |   6 |  636.5 |
       Dungeon |   3164 |   2857 |    307 |     55 |   2269 |   5 |  632.8 |
         Sewer |    654 |    654 |      0 |     93 |    309 |   1 |  654.0 |
               +--------+--------+--------+--------+--------+-----+--------+

Top non-repeatable levels by time:
     D:1: 1006 daAuts
     D:4: 930 daAuts
     D:2: 663 daAuts
   Sewer: 654 daAuts
     D:3: 534 daAuts
     D:5: 30 daAuts
